 Dungeon Crawl Stone Soup version 0.22-a0-157-g169b76a (webtiles) character file.

5259 solxrula the Basher (level 10, -7/153 HPs)
             Began as a Troll Berserker on Feb 9, 2018.
             Was a High Priest of Trog.
             Mangled by a two-headed ogre
             ... wielding a +0 giant club
              (18 damage)
             ... on level 9 of the Dungeon.
             The game lasted 00:29:20 (7718 turns).

solxrula the Basher (Troll Berserker)               Turns: 7718, Time: 00:29:21

Health: -7/153     AC:  6    Str: 38    XL:     10   Next: 36%
Magic:  9/9        EV: 10    Int:  3    God:    Trog [*****.]
Gold:   399        SH:  0    Dex: 11    Spells: 9/9 levels left

rFire    + . .     SeeInvis .   x - +3 flail (holy)
rCold    x . .     Gourm    +   (no shield)
rNeg     + . .     Faith    .   m - +1 robe {rN+}
rPois    .         Spirit   .   (helmet restricted)
rElec    .         Reflect  .   n - scarf {cloud immunity}
rCorr    .         Harm     .   (gloves unavailable)
MR       .....                  (boots unavailable)
Stlth    ..........             (no amulet)
HPRegen  0.75/turn              k - +5 ring of strength
MPRegen  0.11/turn              w - ring of fire

@: berserking, slowed
A: large, unfitting armour, claws 3, fast metabolism 3, gourmand, regeneration
1, shaggy fur 1, tough skin 2
a: Berserk, Trog's Hand, Brothers in Arms, Burn Spellbooks, Renounce Religion


You were on level 9 of the Dungeon.
You worshipped Trog.
Trog was extremely pleased with you.
You were not hungry.

You visited 1 branch of the dungeon, and saw 9 of its levels.

You collected 399 gold pieces.

Inventory:

Hand Weapons
 x - a +3 flail of holy wrath (weapon)
 y - a +1 mace
 z - a +0 flail of protection
Missiles
 a - 2 large rocks (quivered)
 b - 229 stones
Armour
 f - a +1 animal skin
 m - a +1 robe of positive energy (worn)
 n - a scarf of cloud immunity (worn)
Jewellery
 k - a +5 ring of strength (left claw)
 l - an uncursed ring of stealth
 w - a ring of fire (right claw)
Wands
 o - a wand of random effects (35)
Scrolls
 d - 4 scrolls of remove curse
 e - 2 scrolls of fog
 g - 7 scrolls of teleportation
 h - a scroll of enchant armour
 j - 3 scrolls of blinking
 s - 9 scrolls of identify
Potions
 i - 3 potions of curing
 p - a potion of flight
 q - a potion of berserk rage
 r - 2 potions of heal wounds
 v - a potion of magic
Comestibles
 c - 18 rations


   Skills:
 + Level 7.0 Fighting
 + Level 12.2 Maces & Flails
 - Level 2.4 Dodging


You had 9 spell levels left.
You didn't know any spells.

Dungeon Overview and Level Annotations

Branches:
Dungeon (9/15)             Temple (0/1) D:6
   Lair: D:8-11         Orc: D:9-12

Altars:
Ashenzari
Elyvilon
Fedhas
Gozag
Nemelex Xobeh
Okawaru
Sif Muna
Trog
Vehumet
Xom
Yredelemnul
Zin

Annotations:
D:2 Natasha


Innate Abilities, Weirdness & Mutations

You are too large for most types of armour.
You have claws for hands.
Your metabolism is lightning-fast.
You like to eat raw meat.
Your natural rate of healing is unusually fast.
You are covered in fur. (AC +1)
You have very tough skin. (AC +2)


Message History

The two-headed ogre is lightly wounded.
The two-headed ogre hits you with a giant club!
The two-headed ogre hits you with a dire flail!
You barely miss the two-headed ogre.
The two-headed ogre hits you with a giant club.
The two-headed ogre hits you with a dire flail.
You sock the two-headed ogre!
The two-headed ogre is moderately wounded.
The two-headed ogre hits you with a giant club!!
* * * LOW HITPOINT WARNING * * *
The two-headed ogre hits you with a dire flail!!
* * * LOW HITPOINT WARNING * * *
Unknown command.
You barely miss the two-headed ogre.
The two-headed ogre is moderately wounded.
You sock the two-headed ogre!
The two-headed ogre is heavily wounded.
The two-headed ogre barely misses you.
The two-headed ogre hits you with a dire flail!!
You die...

... #.....#
####.. #.....#
#.....###.#.####
#..............#
#....##.#.####.#
#.. ##......# #
#... #....#.##
##....##...#.#
?.[...†@...# #
.......O...#
........##.#
.####.####.# #.
#<# #. #.# . ..#
. ###


You could see a two-headed ogre.

Vanquished Creatures
  The ghost of estick the Cleaver, a novice HOGl of Beogh (D:8)
  A cyclops (D:6)
  A hornet (D:9)
  A hippogriff (D:7)
  Sigmund (D:6)
  A wyvern (D:7)
  2 hungry ghosts
  Edmund (D:6)
  A black bear (D:6)
  A phantom (D:6)
  A hornet zombie (D:7)
  Duvessa (D:5)
  An orc warrior (D:6)
  The ghost of brevous the Chopper, an amateur DDFi (D:4)
  A sky beast (D:6)
  6 ogres
  A necrophage (D:8)
  6 centaurs
  A big kobold (D:7)
  3 bullfrogs
  2 gnoll sergeants
  Dowan (D:5)
  5 killer bees
  2 howler monkeys
  3 crimson imps
  3 hounds
  A jelly (D:6)
  4 orc priests
  An orc wizard (D:8)
  2 bullfrog skeletons
  4 worker ants
  3 hound zombies
  2 hound skeletons (D:5)
  6 gnolls
  A howler monkey skeleton (D:8)
  6 adders
  A shadow imp (D:6)
  3 oozes
  A worm (D:2)
  3 dart slugs
  11 leopard geckos
  15 orcs
  6 giant cockroaches
  7 goblins
  3 hobgoblins
  6 jackals
  4 quokkas (D:3)
  8 bats
  11 frilled lizards
  A jackal skeleton (D:5)
  12 kobolds
  2 quokka skeletons
  A quokka zombie (D:6)
  7 rats
181 creatures vanquished.

Notes
Turn   | Place    | Note
-------+----------+-------------------------------------------
     0 | D:1      | solxrula the Troll Berserker began the quest for the Orb.
     0 | D:1      | Reached XP level 1. HP: 22/22 MP: 0/0
   248 | D:1      | Reached skill level 3 in Maces & Flails
   301 | D:1      | Reached XP level 2. HP: 29/29 MP: 1/1
   788 | D:1      | You fall through a shaft!
   844 | D:2      | Reached XP level 3. HP: 36/36 MP: 2/2
   864 | D:2      | Reached ** piety under Trog
  1313 | D:2      | Noticed Natasha
  1330 | D:2      | Reached XP level 4. HP: 35/45 MP: 3/3
  1360 | D:2      | Found a shimmering altar of Xom.
  1388 | D:2      | Reached skill level 4 in Maces & Flails
  1412 | D:2      | Found a glowing silver altar of Zin.
  1413 | D:2      | Noticed an angel
  1414 | D:2      | Found a shimmering altar of Xom.
  1887 | D:3      | Found a bloodstained altar of Trog.
  1904 | D:3      | Reached *** piety under Trog
  2062 | D:3      | Reached XP level 5. HP: 50/53 MP: 4/4
  2692 | D:4      | Found a glowing drain.
  2710 | D:4      | Reached skill level 5 in Maces & Flails
  2768 | D:4      | Noticed brevous's ghost (amateur DDFi)
  2768 | D:4      | Found a deep blue altar of Sif Muna.
  2781 | D:4      | Killed brevous's ghost
  2781 | D:4      | Reached XP level 6. HP: 61/62 MP: 5/5
  3092 | D:4      | Found a white marble altar of Elyvilon.
  3092 | D:4      | Found a radiant altar of Vehumet.
  3093 | D:4      | Found an iron altar of Okawaru.
  3131 | D:4      | Found a sparkling altar of Nemelex Xobeh.
  3339 | D:5      | Entered Level 5 of the Dungeon
  3340 | D:5      | Found a basalt altar of Yredelemnul.
  3599 | D:5      | Noticed a hungry ghost
  3612 | D:5      | Killed a hungry ghost
  3612 | D:5      | Reached skill level 6 in Maces & Flails
  3660 | D:5      | Reached XP level 7. HP: 70/70 MP: 6/6
  3800 | D:5      | Noticed Dowan
  3809 | D:5      | Noticed Duvessa
  3815 | D:5      | Killed Dowan
  3821 | D:5      | Killed Duvessa
  3856 | D:5      | Reached skill level 7 in Maces & Flails
  4758 | D:6      | Noticed Edmund
  4774 | D:6      | Killed Edmund
  4858 | D:6      | Reached XP level 8. HP: 79/79 MP: 7/7
  4936 | D:6      | Reached **** piety under Trog
  4936 | D:6      | Reached skill level 8 in Maces & Flails
  4950 | D:6      | Noticed Sigmund
  4954 | D:6      | Killed Sigmund
  5295 | D:6      | Found a staircase to the Ecumenical Temple.
  5373 | D:6      | Reached skill level 5 in Fighting
  5373 | D:6      | Reached skill level 9 in Maces & Flails
  5457 | D:6      | Noticed a cyclops
  5468 | D:6      | Killed a cyclops
  5468 | D:6      | Reached skill level 10 in Maces & Flails
  5468 | D:6      | Reached XP level 9. HP: 88/88 MP: 8/8
  6013 | D:7      | Reached skill level 11 in Maces & Flails
  6265 | D:7      | Found a blossoming altar of Fedhas.
  6314 | D:7      | Found a shattered altar of Ashenzari.
  6883 | D:8      | Noticed estick's ghost (novice HOGl)
  6896 | D:8      | Killed estick's ghost
  6896 | D:8      | Reached XP level 10. HP: 100/100 MP: 9/9
  7177 | D:8      | Found an opulent altar of Gozag.
  7232 | D:8      | Reached skill level 12 in Maces & Flails
  7341 | D:8      | Reached ***** piety under Trog
  7709 | D:9      | Noticed a two-headed ogre
  7718 | D:9      | Mangled by a two-headed ogre

Vault maps used:
D:1:      dpeg_arrival_court, minmay_lizard_king
D:2:      grunt_temple_overflow_order_and_chaos_1, minivault_5,
          xom_teletrap_fun, uniq_natasha
D:3:      first_ration, trog_butcher_becter
D:4:      led_sif_pool, nicolae_overflow_quartered_altars, gup_sewer_entry_pipe
D:5:      basic_altar, uniq_duvessa
D:6:      cheibrodos_barr_body, minmay_temple_entry_large_hall, uniq_sigmund,
          uniq_edmund
D:7:      ashenzari_conservatory_becter, basic_altar, grunt_ogre_cave
D:8:      nicolae_gozag_seed_capital
D:9:      basic_altar

Skill      XL: |  1  2  3  4  5  6  7  8  9 10 |
---------------+-------------------------------+-----
Maces & Flails | 3 4 5 6 7 10 11 12 | 12.2
Fighting       | 3 4 5 6 7 |  7.0
Dodging        | |  2.4

Action                   |  1- 3 |  4- 6 |  7- 9 | 10-12 || total
-------------------------+-------+-------+-------+-------++-------
Melee: Mace              |   170 |   179 |    53 |       ||   402
       Flail             |       |       |   179 |    61 ||   240
Throw: Stone             |       |     3 |     8 |       ||    11
       Large rock        |       |       |       |     4 ||     4
Invok: Berserk           |       |     1 |     7 |     2 ||    10
  Use: Scroll            |     5 |     5 |     6 |     2 ||    18
       Potion            |     2 |     7 |     1 |     1 ||    11
 Stab: Sleeping          |       |     2 |     2 |       ||     4
  Eat: Chunk             |    13 |    19 |    33 |     7 ||    72
       Ration            |       |     2 |     1 |     1 ||     4
Armor: Animal skin       |    86 |    62 |       |       ||   148
       Robe              |       |       |    62 |     8 ||    70
Dodge: Dodged            |   101 |    89 |   112 |    25 ||   327

Table legend:
 A = Spawn XP
 B = Non-spawn XP
 C = Spawn XP percentage of total XP
 D = Spawn monster count
 E = Non-spawn monster count
 F = Spawn count percentage of total count
 G = Total turns spent on level
                    A         B        C        D         E        F      G
               +---------+---------+-------+---------+---------+-------+---------
         Total |       0 |    7513 |   0.0 |       0 |     181 |   0.0 |  7718
               +---------+---------+-------+---------+---------+-------+---------
           D:1 |       0 |      41 |   0.0 |       0 |      26 |   0.0 |   977
           D:2 |       0 |     115 |   0.0 |       0 |      24 |   0.0 |   859
           D:3 |       0 |     120 |   0.0 |       0 |      22 |   0.0 |   667
           D:4 |       0 |     196 |   0.0 |       0 |      13 |   0.0 |   892
           D:5 |       0 |     727 |   0.0 |       0 |      19 |   0.0 |  1326
           D:6 |       0 |    2471 |   0.0 |       0 |      23 |   0.0 |  1041
           D:7 |       0 |    1472 |   0.0 |       0 |      22 |   0.0 |   996
           D:8 |       0 |    1990 |   0.0 |       0 |      26 |   0.0 |   900
           D:9 |       0 |     381 |   0.0 |       0 |       6 |   0.0 |    60
               +---------+---------+-------+---------+---------+-------+---------
